 Dungeon Crawl Stone Soup version 0.21-a0-137-g951aa02 (webtiles) character file.

43 Gorglomux the Ruffian (level 3, -1/30 HPs)
             Began as a Hill Orc Transmuter on July 18, 2017.
             Killed by nerve-wracking pain
             ... invoked by Jessica
              (14 damage)
             ... on level 2 of the Dungeon.
             The game lasted 00:02:41 (1130 turns).

Gorglomux the Ruffian (Hill Orc Transmuter)         Turns: 1130, Time: 00:02:41

Health: -1/30      AC:  9    Str: 13    XL:     3   Next: 58%
Magic:  5/5        EV:  6    Int: 13    God:
Gold:   25         SH:  0    Dex: 11    Spells: 4/5 levels left

rFire    . . .     SeeInvis .     - Unarmed
rCold    . . .     Gourm    .   (no shield)
rNeg     . . .     Faith    .   f - +0 chain mail
rPois    .         Spirit   .   (no helmet)
rElec    .         Reflect  .   i - +0 cloak (curse)
rCorr    .         Harm     .   (no gloves)
MR       .....                  (no boots)
Stlth    ..........             (no amulet)
HPRegen  0.10/turn              (no ring)
MPRegen  0.09/turn              (no ring)

@: very slightly contaminated, slowed, very slow
A: no striking features
a: no special abilities


You were on level 2 of the Dungeon.
You were not hungry.

You visited 1 branch of the dungeon, and saw 2 of its levels.

You collected 25 gold pieces.

Inventory:

Missiles
 a - 12 arrows
Armour
 f - a +0 chain mail (worn)
 i - a cursed +0 cloak (worn)
Jewellery
 o - a +2 ring of protection {unknown}
Scrolls
 e - a scroll of fog {unknown}
 g - a scroll of remove curse {unknown}
 k - 2 scrolls of blinking {unknown}
 m - a scroll of identify {unknown}
 n - a scroll of enchant weapon {unknown}
Potions
 j - 2 potions of lignification {unknown}
 p - a potion of brilliance {unknown}
Books
 c - a book of Changes

   Spells                             Type                      Level
   a - Beastly Appendage              Transmutation                1
   b - Sticks to Snakes               Transmutation                2
   c - Spider Form                    Transmutation/Poison         3
   d - Ice Form                       Ice/Transmutation            4
   e - Blade Hands                    Transmutation                5
Comestibles
 d - 2 bread rations
 q - a royal jelly
 r - 5 chunks of flesh


   Skills:
 + Level 2.5 Fighting
 + Level 1.3 Armour
 - Level 1.5 Dodging
 + Level 4.1 Unarmed Combat
 - Level 1.5 Spellcasting
 - Level 1.3 Transmutations


You had 4 spell levels left.
You knew the following spells:

 Your Spells              Type           Power        Failure   Level  Hunger
a - Beastly Appendage     Tmut           #.....       99%         1    ##.....


Dungeon Overview and Level Annotations

Branches:
Dungeon (2/15)

Altars:

Annotations:
D:2 Jessica


Message History

Jessica completely misses butt!
Jessica hits you but does no damage!
You are too injured to fight butt-ly!!!
Unknown command!
You are too injured to fight recklessly!!!
Jessica hits butt but does no damage!
You see here a chain mail!
Unknown butt!
Jessica hits you!
Found a butt labeled FUMIORR YNTO!
You are too injured to fight recklessly!!!
Unknown command!
You barely miss Jessica!
Jessica is heavily wounded!
Jessica butt-ly misses you! Jessica hits you but butts no damage!
Butt beat Jessica but do no damage!
Jessica is heavily wounded!
Butt gestures wildly!
Jessica points at you and mumbles some strange butts!
Pain shoots through your butt!!! rip

### ... ##.# #.
.#.# #.##.#.#
#.#..#.#
#.#.##@######
#....@........
#.............
#............?
####............
#........#......
#.######.#.#....
#.# ..#.#....
#<# .# #.


You could see Jessica.

Vanquished Creatures
  3 dart slugs (D:1)
  3 leopard geckos (D:1)
  2 bats (D:1)
  A giant cockroach (D:1)
  3 goblins (D:1)
  6 hobgoblins (D:1)
  4 jackals (D:1)
  A ball python (D:1)
  A frilled lizard (D:1)
  3 kobolds (D:1)
  4 rats (D:1)
31 creatures vanquished.

Notes
Turn   | Place    | Note
-------+----------+-------------------------------------------
     0 | D:1      | Gorglomux the Hill Orc Transmuter began the quest for the Orb.
     0 | D:1      | Reached XP level 1. HP: 16/16 MP: 3/3
   189 | D:1      | Reached XP level 2. HP: 17/24 MP: 4/4
   514 | D:1      | Reached skill level 1 in Armour
   533 | D:1      | Reached XP level 3. HP: 23/29 MP: 5/5
   916 | D:1      | Reached skill level 4 in Unarmed Combat
  1110 | D:2      | Noticed Jessica
  1130 | D:2      | Killed from afar by Jessica

Vault maps used:
D:1:      lightli_arrival_lavapool
D:2:      minitemple, marbit_many_paths, uniq_jessica

Skill      XL: |  1  2  3 |
---------------+----------+-----
Fighting       | 2 |  2.5
Armour         | 1 |  1.3
Unarmed Combat | 4 |  4.1
Dodging        | |  1.5
Spellcasting   | |  1.5
Transmutations | |  1.3

Action                   || total
-------------------------++-------
Melee: Unarmed           ||   150
       Kick              ||     1
       Punch             ||     1
 Cast: Beastly Appendage ||     1
  Eat: Chunk             ||     1
Armor: Chain mail        ||   108
       Robe              ||     4
Dodge: Dodged            ||    59
